 Dungeon Crawl Stone Soup version 0.27.1 (webtiles) character file.

Game seed: 9286952690607205291

751 Gwenloh the Sneak (level 7, -1/46 HPs)
             Began as a Vampire Necromancer on Sept 4, 2021.
             Slain by a bullfrog (6 damage)
             ... in a sewer.
             The game lasted 00:16:59 (4513 turns).

Gwenloh the Sneak (Vampire Necromancer)             Turns: 4513, Time: 00:16:59

Health: -1/46      AC:  4    Str:  7    XL:     7   Next: 49%
Magic:  3/12       EV: 12    Int: 20    God:
Gold:   157        SH:  0    Dex: 14    Spells: 3/12 levels left

rFire    . . .     SeeInvis +   c - +3 dagger (venom)
rCold    . . .     Faith    .   (no shield)
rNeg     . . .     Spirit   .   i - +0 leather armour
rPois    .         Reflect  .   (no helmet)
rElec    .         Harm     .   (no cloak)
rCorr    +         Rampage  .   h - +0 pair of gloves
Will     .....                  (no boots)
Stlth    ++++......             s - amulet of regeneration
HPRegen  1.35/turn              p - ring of flight
MPRegen  0.13/turn              t - ring of resist corrosion

@: flying, healing quickly, hasted, very quick
A: alive, fangs 3, see invisible, vampiric 2
a: Exsanguinate


You were in a sewer.
You visited 1 branch of the dungeon, and saw 4 of its levels.
You also visited: Sewer.

You collected 157 gold pieces.

Inventory:

Hand Weapons
 c - a +3 dagger of venom (weapon)
 r - a +0 rapier
 u - a +1 rapier of venom
Missiles
 d - 29 poisoned darts
 e - 88 stones
Armour
 a - a +0 robe
 h - a +0 pair of gloves (worn)
 i - a +0 leather armour (worn)
Jewellery
 p - a ring of flight (left hand)
 s - an amulet of regeneration (around neck)
 t - a ring of resist corrosion (right hand)
 w - an amulet of reflection
Wands
 j - a wand of iceblast (9)
 v - a wand of charming (3)
 x - a wand of flame (23)
Scrolls
 f - a scroll of amnesia {unknown}
 g - 6 scrolls of blinking {unknown}
 k - a scroll of teleportation {unknown}
 l - a scroll of enchant armour {unknown}
 m - a scroll of immolation {unknown}
 n - 4 scrolls of fear {unknown}
 o - 4 scrolls of identify {unknown}
 y - a scroll of noise {unknown}
 A - 2 scrolls of enchant weapon {unknown}
 B - a scroll of magic mapping {unknown}
Potions
 b - 3 potions of curing
 q - 2 potions of degeneration {unknown}
 z - 3 potions of haste
 C - a potion of heal wounds {unknown}


   Skills:
 + Level 3.2 Short Blades
 - Level 1.0 Armour
 - Level 2.5 Dodging
 * Level 7.9 Stealth
 + Level 3.4 Spellcasting
 * Level 6.9 Necromancy


You had 3 spell levels left.
You knew the following spells:

 Your Spells              Type           Power      Damage    Failure   Level
a - Pain                  Necr           100%       1d9       1%          1
b - Vampiric Draining     Necr           15%        2d8       3%          3
c - Animate Skeleton      Necr           62%        N/A       1%          1
d - Dispel Undead         Necr           31%        3d14      12%         4

Your spell library contained the following spells:

 Spells                   Type           Power      Damage    Failure   Level
 Corpse Rot               Necr/Air       N/A        N/A       8%          2
 Animate Dead             Necr           15%        N/A       12%         4
 Agony                    Necr           31%        N/A       32%         5
 Death Channel            Necr           15%        N/A       87%         6


Dungeon Overview and Level Annotations

Branches:
Dungeon (4/15)              Sewer (1/1)
 Temple: D:4-7

Altars:
Makhleb


Innate Abilities, Weirdness & Mutations

Your natural rate of healing is accelerated.
You have razor-sharp teeth.
You have supernaturally acute eyesight. (SInv)
You are afflicted with vampirism and can become a bat while bloodless.


Message History

The ball python constricts you. The bullfrog hits you.
* * * LOW HITPOINT WARNING * * *
The adder bites you but does no damage. The ball python bites you.
* * * LOW HITPOINT WARNING * * *
Casting: Vampiric Draining (dangerous; 3% risk of failure)
Confirm with . or Enter, or press ? or * to list all spells.
Aiming: Pain (safe; 1% risk of failure)
Press: ? - help, Shift-Dir - straight line, f - ball python
Aim: a ball python (water, chance to affect: 93%)
Okay, then.
Casting: Pain (safe; 1% risk of failure)
Confirm with . or Enter, or press ? or * to list all spells.
Aiming: Vampiric Draining (dangerous; 3% risk of failure)
Press: ? - help, Shift-Dir - straight line, f - ball python
Aim: a ball python (water)
You draw life force from the ball python!
You kill the ball python!
You feel life coursing into your body.
You feel sick. The bullfrog closely misses you.
The ball python closely misses you. The ball python constricts you.
* * * LOW HITPOINT WARNING * * *
The adder bites you.
* * * LOW HITPOINT WARNING * * *
The bullfrog hits you but does no damage.
It was a potion of curing.
You feel better. The ball python barely misses you.
The ball python constricts you. The adder bites you.
* * * LOW HITPOINT WARNING * * *
The bullfrog hits you.
* * * LOW HITPOINT WARNING * * *
The frilled lizard bites you.
* * * LOW HITPOINT WARNING * * *
The ball python bites you but does no damage.
The ball python constricts you. The adder barely misses you.
You escape the ball python's grasp.
The bullfrog hits you.
* * * LOW HITPOINT WARNING * * *
The frilled lizard barely misses you.
It was a potion of haste.
You feel yourself speed up.
The bullfrog swells and bulges.
The bullfrog hits you.
You die...

#.≈.≈.##
#...≈..##.
#≈≈≈#≈≈#
#≈≈≈≈≈≈###
#≈≈≈≈≈≈#
#≈≈≈≈≈≈#
#≈≈≈≈≈≈#
#≈≈≈≈≈≈#
#≈≈≈J≈≈#
#≈≈≈≈≈≈#
#≈≈≈≈≈≈#
#≈≈≈≈≈≈#
#≈≈≈≈≈l#
#≈≈≈≈≈≈#
#≈.≈SlF#
#≈≈≈≈≈≈#
#≈.≈≈S@#
#≈..≈≈##
#≈≈≈≈≈≈#
#≈.....#
#≈≈≈≈≈≈#
#≈.≈≈≈≈#
#≈≈≈≈≈≈#
#≈≈≈≈≈≈#
#≈≈≈≈≈≈#
#≈≈≈≈≈≈#
#≈≈≈≈≈≈#
#≈≈≈≈≈≈#
#≈≈≈≈≈≈#
#≈≈≈†≈≈#
#≈≈≈≈≈≈#####
#≈≈≈†≈≈#
##≈≈.≈###..#
##≈.≈≈##


You could see a bullfrog (very poisoned), an adder, an endoplasm, a ball python
and 2 frilled lizards.

Vanquished Creatures
  Sigmund (D:3)
  The ghost of funkygono the Firebug, an amateur GrFE (D:3)
  A kobold brigand (D:3)
  A bullfrog (Sewer)
  A hound (D:4)
  A jelly (D:2)
  Ijyb (D:4)
  An orc wizard (D:4)
  3 gnolls (D:3)
  7 adders
  5 river rats
  An ufetubus (D:4)
  4 worms
  4 orcs
  3 bats (D:1)
  5 endoplasms
  5 giant cockroaches
  7 hobgoblins
  8 jackals
  21 kobolds
  5 quokkas
  13 ball pythons
  3 frilled lizards
  5 goblins
  34 rats
141 creatures vanquished.

Vanquished Creatures (others)
  19 plants (D:3)
19 creatures vanquished.

Grand Total: 160 creatures vanquished

Notes
Turn   | Place    | Note
-------+----------+-------------------------------------------
     0 | D:1      | Gwenloh the Vampire Necromancer began the quest for the
                  | Orb.
     0 | D:1      | Reached XP level 1. HP: 13/13 MP: 3/3
   213 | D:1      | Reached XP level 2. HP: 17/19 MP: 1/5
   269 | D:1      | Learned a level 1 spell: Animate Skeleton
   789 | D:1      | Found a faded altar of an unknown god.
   932 | D:1      | Gained mutation: You are afflicted with vampirism and can
                  | become a bat while bloodless. [Vampire growth]
   932 | D:1      | Reached XP level 3. HP: 24/24 MP: 6/6
  1117 | D:2      | Reached skill level 1 in Short Blades
  1117 | D:2      | Reached skill level 4 in Stealth
  1117 | D:2      | Reached skill level 5 in Necromancy
  1305 | D:2      | Reached XP level 4. HP: 30/30 MP: 7/7
  2025 | D:3      | Learned a level 3 spell: Vampiric Draining
  2236 | D:3      | Noticed Sigmund
  2251 | D:3      | Killed Sigmund
  2252 | D:3      | Reached skill level 1 in Armour
  2252 | D:3      | Reached skill level 6 in Stealth
  2252 | D:3      | Reached XP level 5. HP: 13/35 MP: 1/9
  2252 | D:3      | Reached XP level 6. HP: 15/41 MP: 1/10
  2656 | D:3      | Found a runed translucent gate.
  2656 | D:3      | Found a runed translucent gate.
  2656 | D:3      | Found a runed translucent gate.
  2656 | D:3      | Noticed funkygono's ghost (amateur GrFE)
  2666 | D:3      | Learned a level 4 spell: Dispel Undead
  3263 | D:3      | Killed funkygono's ghost
  3682 | D:4      | Reached skill level 7 in Stealth
  3715 | D:4      | Found a burning altar of Makhleb.
  3719 | D:4      | Reached XP level 7. HP: 46/46 MP: 11/11
  3817 | D:4      | Noticed Ijyb
  3822 | D:4      | Killed Ijyb
  3989 | D:4      | Found a glowing drain.
  4028 | Sewer    | Entered a sewer
  4509 | Sewer    | HP: 2/46 [bullfrog (6)]
  4513 | Sewer    | Slain by a bullfrog

Illustrated notes

Levels and vault maps discovered:
D:1:      psy_arrival_fountain, layout_loops_ring,
          hellmonk_ecumenical_altar_crossroads
D:2:      layout_basic, kennysheep_generic_room_4
D:3:      layout_loops_ring, gammafunk_ghost_nasty_kobolds,
          grunt_decor_junction, serial_bayou_lagoon_a, uniq_sigmund
D:4:      layout_loops_ring, makhleb_blood_cavern_becter, portal_sewer_entry_b,
          uniq_ijyb
Sewer:    sewer_minmay_w

Skill      XL: |  1  2  3  4  5  6  7 |
---------------+----------------------+-----
Short Blades   | 1 2 3 |  3.2
Stealth        | 4 6 7 |  7.9
Necromancy     | 5 6 |  6.9
Armour         | 1 |  1.0
Spellcasting   | 3 |  3.4
Dodging        | |  2.5

Action                   |  1- 3 |  4- 6 |  7- 9 || total
-------------------------+-------+-------+-------++-------
Melee: Dagger            |    36 |    89 |    88 ||   213
       Bite              |     3 |     3 |     8 ||    14
 Cast: Pain              |    29 |    49 |    14 ||    92
       Vampiric Draining |       |     5 |     9 ||    14
       Dispel Undead     |       |     2 |       ||     2
  Use: Potion            |       |       |     2 ||     2
 Stab: Sleeping          |     3 |     7 |     3 ||    13
Armor: Robe              |     7 |       |       ||     7
       Leather armour    |     2 |    23 |    31 ||    56
Dodge: Dodged            |    21 |    45 |    76 ||   142
